 Dungeon Crawl Stone Soup version 0.30.0-15-g856e2d3f33 (webtiles) character file.

Game seed: 9573489597476739209

15 Kenran the Shield-Bearer (level 2, 0/19 HPs)
             Began as a Gargoyle Fighter on May 19, 2023.
             Slain by Terence
             ... wielding a +1 falchion of flaming
              (1 damage)
             ... on level 2 of the Dungeon.
             The game lasted 00:01:02 (552 turns).

Kenran the Shield-Bearer (Gargoyle Fighter)          Turns: 552, Time: 00:01:03

Health: 0/19       AC: 14    Str: 19    XL:     2   Next: 50%
Magic:  2/2        EV:  5    Int:  8    God:
Gold:   36         SH:  4    Dex:  9    Spells: 1/1 levels left

rFire   . . .        a - +0 long sword
rCold   . . .        c - +0 buckler
rNeg    + . .        f - +0 plate armour
rPois   ∞            (no helmet)
rElec   +            (no cloak)
rCorr   .            (no gloves)
SInv    .            (no boots)
Will    .....        e - amulet of the acrobat Stlth
                     (no ring)
HPRegen 0.23/turn    (no ring)
MPRegen 0.08/turn

%: acrobat
@: mighty
A: sickness immunity, AC +2, negative energy resistance 1, electricity
resistance, torment resistance 1, petrification resistance
a: no special abilities


You were on level 2 of the Dungeon.
You visited 1 branch of the dungeon, and saw 2 of its levels.

You collected 36 gold pieces.

Inventory:

Hand Weapons
 a - a +0 long sword (weapon)
Armour
 c - a +0 buckler (worn)
 f - a +0 plate armour (worn)
Jewellery
 e - an amulet of the acrobat (around neck)
Scrolls
 b - 2 scrolls of identify {unknown}
 g - a scroll of vulnerability {unknown}
 i - a scroll of summoning {unknown}
 j - a scroll of fear {unknown}
Potions
 h - a potion of resistance {unknown}


   Skills:
 - Level 3.2 Fighting
 + Level 2.7 Long Blades
 - Level 3.2 Armour
 - Level 3.2 Shields


You had one spell level left.
You didn't know any spells.
Your spell library was empty.

Dungeon Overview and Level Annotations

Branches:
Dungeon (2/15)

Altars:

Annotations:
D:2 Terence


Innate Abilities, Weirdness & Mutations

You are immune to sickness and miasma.
Your stone body is resilient. (AC +2)
You are immune to poison.
You resist negative energy. (rN+)
You are resistant to electric shocks. (rElec)
You are resistant to unholy torment.
You are immune to petrification.


Message History

Terence hits you with a +1 falchion of flaming.
Terence burns you.
You are too injured to fight recklessly!
You are too injured to fight recklessly!
You are too injured to fight recklessly!
You hit Terence.
Terence is lightly wounded.
Terence hits you but does no damage.
You completely miss Terence.
Terence is lightly wounded.
Terence hits you but does no damage.
You completely miss Terence.
Terence is lightly wounded.
Terence screams, "I want your blood!" Terence hits you but does no damage.
You closely miss Terence.
Terence is lightly wounded.
Terence hits you but does no damage. x2
You barely miss Terence.
Terence is lightly wounded.
Terence barely misses you.
You barely miss Terence.
Terence is lightly wounded.
Terence hits you with a +1 falchion of flaming.
* * * LOW HITPOINT WARNING * * *
Terence burns you.
* * * LOW HITPOINT WARNING * * *
You hit Terence.
Terence is moderately wounded.
Terence asks, "Do you want it fast or slow?"
You block Terence's attack. x2
You closely miss Terence.
Terence is moderately wounded.
Terence hits you but does no damage.
You closely miss Terence.
Terence is moderately wounded.
Terence hits you with a +1 falchion of flaming.
* * * LOW HITPOINT WARNING * * *
Terence burns you.
You die...

#.. ########.. ##########
.......#.. .........# ......#..
.........# .........
.........#### #.# #...
............# #.# #...
............###########.####...
.............@@................
.........######...#####.####...
.........# ##...#####.# #...
.........# #..........# #...
...####### #..........# #### #.
#..........# # # #..........# #
#.............. #..............


You could see Terence.

Vanquished Creatures
  2 dart slugs (D:1)
  A bat (D:1)
  An endoplasm (D:1)
  2 goblins
  A hobgoblin (D:1)
  A quokka (D:1)
  A kobold (D:2)
  A rat (D:2)
10 creatures vanquished.

Notes
Turn   | Place    | Note
-------+----------+-------------------------------------------
     0 | D:1      | Kenran the Gargoyle Fighter began the quest for the Orb.
     0 | D:1      | Reached XP level 1. HP: 14/14 MP: 1/1
   143 | D:1      | Found a faded altar of an unknown god.
   190 | D:1      | Reached XP level 2. HP: 19/19 MP: 2/2
   532 | D:2      | Noticed Terence
   552 | D:2      | Slain by Terence

Illustrated notes

Levels and vault maps discovered:
D:1:      wander_arrival_fairy_ring, layout_rooms,
          shapermc_ecumenical_altar_mp_highgroup, minmay_misc_feat_columns
D:2:      layout_basic, minmay_pentomino_s4, uniq_terence

Skill      XL: |  1 |
---------------+----+-----
Long Blades    | 2 |  2.7
Fighting       | |  3.2
Armour         | |  3.2
Shields        | |  3.2

Action                     || total
---------------------------++-------
  Melee: Long sword        ||    42
    Use: Potion            ||     1
 Armour: Plate armour      ||    30
  Dodge: Dodged            ||    11
  Block: Buckler           ||     8
